 Dungeon Crawl Stone Soup version 0.30-b1-2-g02819fbbbe (webtiles) character file.

Game seed: 17502977916267455603

69 MisterFreud the Charlatan (level 4, -1/38 HPs)
             Began as a Gnoll Wanderer on Sept 19, 2023.
             Killed by divine providence
             ... invoked by an orc priest
              (15 damage)
             ... on level 3 of the Dungeon.
             The game lasted 00:03:08 (1978 turns).

MisterFreud the Charlatan (Gnoll Wanderer)          Turns: 1978, Time: 00:03:08

Health: -1/38      AC: 16    Str:  9    XL:     4   Next: 20%
Magic:  11/11      EV:  5    Int: 21    God:
Gold:   155        SH:  0    Dex: 15    Spells: 10/13 levels left

rFire   + . .        j - +0 rapier
rCold   x . .        (no shield)
rNeg    . . .        h - +8 chain mail of the Trout {rF+ rC- Int+9 Stlth+}
rPois   .            (no helmet)
rElec   .            (no cloak)
rCorr   .            (no gloves)
SInv    .            (no boots)
Will    .....        (no amulet) Stlth
                     (no ring)
HPRegen 0.26/turn    (no ring)
MPRegen 0.12/turn

%: no passive effects
@: no status effects
A: fangs 1, strong nose, distributed training
a: no special abilities


You were on level 3 of the Dungeon.
You visited 1 branch of the dungeon, and saw 3 of its levels.

You collected 155 gold pieces.

Inventory:

Hand Weapons
 a - a +0 short sword
 j - a +0 rapier (weapon)
Armour
 d - a +0 robe
 h - the +8 chain mail of the Trout (worn) {rF+ rC- Int+9 Stlth+}
   (You found it on level 2 of the Dungeon)

   Int:       It affects your intelligence (+9).
   rF:        It protects you from fire.
   rC:        It makes you vulnerable to cold.
   Stlth:     It makes you more stealthy.
Jewellery
 i - a ring of see invisible
Scrolls
 c - a scroll of fog
 g - a scroll of identify
Potions
 e - a potion of might
 f - 3 potions of attraction
Miscellaneous
 b - a piece from Xom's chessboard (15/15)


   Skills:
 + Level 4.6 Fighting
 + Level 2.7 Short Blades
 + Level 1.1 Long Blades
 + Level 1.1 Axes
 + Level 1.1 Maces & Flails
 + Level 1.1 Polearms
 + Level 1.1 Staves
 + Level 1.1 Ranged Weapons
 + Level 1.1 Throwing
 + Level 1.1 Armour
 + Level 1.1 Dodging
 + Level 1.1 Stealth
 + Level 1.1 Shields
 + Level 1.1 Unarmed Combat
 + Level 5.0 Spellcasting
 + Level 0.8 Conjurations
 + Level 0.8 Hexes
 + Level 0.8 Summonings
 + Level 0.8 Necromancy
 + Level 3.8 Translocations
 + Level 0.8 Transmutations
 + Level 0.8 Fire Magic
 + Level 0.8 Ice Magic
 + Level 0.8 Air Magic
 + Level 0.8 Earth Magic
 + Level 0.8 Poison Magic
 + Level 1.2 Invocations
 + Level 6.6 Evocations


You had 10 spell levels left.
You knew the following spells:

 Your Spells              Type           Power      Damage    Failure   Level
a - Apportation           Tloc           42%        N/A       80%         1
b - Momentum Strike       Conj/Tloc      30%        3d8       98%         2

Your spell library contained the following spells:

 Spells                   Type           Power      Damage    Failure   Level
 Passage of Golubria      Tloc           21%        N/A       100%        4


Dungeon Overview and Level Annotations

Branches:
Dungeon (3/15)

Altars:
Trog


Innate Abilities, Weirdness & Mutations

You have very sharp teeth.
Your uncanny sense of smell can sniff out nearby items.
Your experience applies equally to all skills.


Message History

You closely miss the orc.
The orc is severely wounded.
The orc hits you but does no damage.
The orc priest calls upon Beogh to heal the orc.
The orc's wounds heal themselves!
The orc hits you but does no damage.
You are too injured to fight recklessly!
You hit the orc.
The orc is almost dead.
The orc priest calls upon Beogh to heal the orc.
The orc's wounds heal themselves!
The orc hits you but does no damage. x2
You hit the orc.
The orc is heavily wounded.
The orc hits you but does no damage. The orc barely misses you.
You are too injured to fight recklessly!
You completely miss the orc.
The orc is heavily wounded.
The orc hits you but does no damage. x2
You are too injured to fight recklessly!
You hit the orc but do no damage. Your bite misses the orc.
The orc is heavily wounded.
The orc barely misses you. The orc hits you but does no damage.
You are too injured to fight recklessly!
You closely miss the orc.
The orc is heavily wounded.
The orc hits you but does no damage. x2
You puncture the orc!
You kill the orc!
The orc hits you but does no damage.
You are too injured to fight recklessly!
You hit the orc priest.
The orc priest is moderately wounded.
The orc hits you but does no damage.
The orc priest hits you but does no damage.
You are too injured to fight recklessly!
You hit the orc priest.
The orc priest is severely wounded.
The orc completely misses you.
The orc priest invokes the aid of Beogh against you.
Beogh smites you!
You die...

... . ... # .#.# ##
.#.### ##. ....# #..
#.#.## #..
#.####....# #.#
#..o@o....# #..
#######...# #.# #...#
###.# #(..# ####....
#...# #.......
######...####.##....
∆
<(.....†(.........##.
.....................
.[...............>...


You could see an orc priest and an orc.

Vanquished Creatures
  An adder (D:2)
  2 worms (D:2)
  4 dart slugs
  2 orcs (D:3)
  3 ball pythons (D:1)
  4 endoplasms
  3 giant cockroaches
  7 hobgoblins
  4 quokkas
  2 bats
  2 frilled lizards (D:1)
  5 goblins
  A kobold (D:1)
40 creatures vanquished.

Notes
Turn   | Place    | Note
-------+----------+-------------------------------------------
     0 | D:1      | MisterFreud the Gnoll Wanderer began the quest for the Orb.
     0 | D:1      | MisterFreud set off with the following items: a +0 short
                  | sword, a piece from Xom's chessboard (15/15), a scroll of
                  | fog, a +0 robe; and the following spell memorised:
                  | Apportation; and the following spells available to
                  | memorise: Momentum Strike, Passage of Golubria.
     0 | D:1      | Reached XP level 1. HP: 20/20 MP: 6/6
   275 | D:1      | Reached XP level 2. HP: 26/26 MP: 7/7
   278 | D:1      | Learned a level 2 spell: Momentum Strike
   722 | D:1      | Reached skill level 5 in Spellcasting
   722 | D:1      | Reached XP level 3. HP: 30/31 MP: 7/9
  1167 | D:2      | Reached skill level 1 in Invocations
  1287 | D:2      | Reached skill level 1 in Long Blades
  1287 | D:2      | Reached skill level 1 in Axes
  1287 | D:2      | Reached skill level 1 in Maces & Flails
  1287 | D:2      | Reached skill level 1 in Polearms
  1287 | D:2      | Reached skill level 1 in Staves
  1287 | D:2      | Reached skill level 1 in Ranged Weapons
  1287 | D:2      | Reached skill level 1 in Throwing
  1287 | D:2      | Reached skill level 1 in Armour
  1287 | D:2      | Reached skill level 1 in Dodging
  1287 | D:2      | Reached skill level 1 in Stealth
  1287 | D:2      | Reached skill level 1 in Shields
  1287 | D:2      | Reached skill level 1 in Unarmed Combat
  1459 | D:2      | Identified the +8 chain mail of the Trout {rF+ rC- Int+9
                  | Stlth+}
  1513 | D:2      | Found a bloodstained altar of Trog.
  1589 | D:2      | Reached XP level 4. HP: 38/38 MP: 11/11
  1978 | D:3      | Killed from afar by an orc priest

Illustrated notes

Levels and vault maps discovered:
D:1:      dpeg_arrival_houses_and_road, layout_loops_ring
D:2:      layout_loops_cross, basic_altar
D:3:      layout_loops_cross, minmay_shallow_snake_nest

Skill      XL: |  1  2  3 |
---------------+----------+-----
Spellcasting   | 5 |  5.0
Invocations    | 1 |  1.2
Long Blades    | 1 |  1.1
Axes           | 1 |  1.1
Maces & Flails | 1 |  1.1
Polearms       | 1 |  1.1
Staves         | 1 |  1.1
Ranged Weapons | 1 |  1.1
Throwing       | 1 |  1.1
Armour         | 1 |  1.1
Dodging        | 1 |  1.1
Stealth        | 1 |  1.1
Shields        | 1 |  1.1
Unarmed Combat | 1 |  1.1
Fighting       | |  4.6
Short Blades   | |  2.7
Conjurations   | |  0.8
Hexes          | |  0.8
Summonings     | |  0.8
Necromancy     | |  0.8
Translocations | |  3.8
Transmutations | |  0.8
Fire Magic     | |  0.8
Ice Magic      | |  0.8
Air Magic      | |  0.8
Earth Magic    | |  0.8
Poison Magic   | |  0.8
Evocations     | |  6.6

Action                     |  1- 3 |  4- 6 || total
---------------------------+-------+-------++-------
  Melee: Short sword       |   166 |    25 ||   191
         Bite              |    14 |    11 ||    25
         Punch             |     3 |       ||     3
         Rapier            |       |    26 ||    26
   Cast: Momentum Strike   |     5 |       ||     5
    Use: Scroll            |     1 |     2 ||     3
   Stab: Sleeping          |     2 |       ||     2
 Armour: Robe              |    20 |       ||    20
         Chain mail        |     5 |    45 ||    50
  Dodge: Dodged            |    84 |    11 ||    95
